 Dungeon Crawl Stone Soup version 0.32-a0-791-gfc315c9ecd (webtiles) character file.

Game seed: 15618395138031096988

331 ragingrage the Cudgeller (level 6, -4/48 HPs)
             Began as a Ghoul Warper on Mar 20, 2024.
             Was an Initiate of Gozag.
             Slain by Edmund
             ... wielding a +2 antimagic flail
              (9 damage)
             ... on level 4 of the Dungeon.
             The game lasted 00:05:33 (3149 turns).

ragingrage the Cudgeller (Ghoul Warper)             Turns: 3149, Time: 00:05:33

Health: -4/48      AC:  7    Str: 17    XL:     6   Next: 51%
Magic:  0/8        EV: 10    Int: 18    God:    Gozag
Gold:   121        SH:  0    Dex:  8    Spells: 6/8 levels left

rFire   + . .        h - +6 trident "Luge" {drain, rF+ Stlth+}
rCold   + . .        (no shield)
rNeg    + + +        b - +0 leather armour
rPois   ∞            g - +2 hat {SInv}
rElec   .            (no cloak)
rCorr   .            a - +1 pair of gloves
SInv    +            (no boots)
Will    .....        l - amulet of the acrobat
Stlth   +++          e - +6 ring of intelligence
HPRegen 0.00/turn    (no ring)
MPRegen 0.11/turn

%: acrobat
@: inhibited regen
A: claws 1, cold resistance 1, negative energy resistance 3, inhibited
regeneration, torment resistance 2, devour on kill
a: Renounce Religion, Potion Petition, Call Merchant, Bribe Branch


You were on level 4 of the Dungeon.
You worshipped Gozag.
Gozag was aware of your devotion.
You visited 1 branch of the dungeon, and saw 5 of its levels.

You collected 184 gold pieces.
You paid 63 gold pieces to Gozag.

Inventory:

Hand Weapons
 h - the +6 trident "Luge" (weapon) {drain, rF+ Stlth+}
   (You found it on level 3 of the Dungeon)

   rF+:       It protects you from fire.
   Stlth+:    It makes you more stealthy.
 p - a +0 flail
Missiles
 d - 7 darts of dispersal (quivered)
Armour
 a - a +1 pair of gloves (worn)
 b - a +0 leather armour (worn)
 g - a +2 hat of see invisible (worn)
Jewellery
 e - a +6 ring of intelligence (left hand)
 l - an amulet of the acrobat (around neck)
Scrolls
 c - a scroll of fog
 f - a scroll of torment
 i - a scroll of poison
 j - 2 scrolls of enchant weapon
 k - a scroll of immolation {unknown}
 m - a scroll of blinking
 n - a scroll of noise {unknown}
Potions
 o - a potion of curing {unknown}


   Skills:
 - Level 2.1 Fighting
 - Level 4.7 Maces & Flails
 + Level 2.6 Polearms
 - Level 0.8 Throwing
 - Level 0.8 Armour
 - Level 1.7 Dodging
 - Level 3.0 Stealth
 - Level 1.7 Spellcasting
 - Level 2.6 Translocations


You had 6 spell levels left.
You knew the following spells:

 Your Spells              Type           Power      Damage    Failure   Level
a - Blink                 Tloc           22%        N/A       11%         2

Your spell library contained the following spells:

 Spells                   Type           Power      Damage    Failure   Level
 Lesser Beckoning         Tloc           22%        N/A       11%         2
 Teleport Other           Tloc           11%        N/A       22%         3
 Mercury Vapours          Alch/Air       2%         N/A       32%         2
 Mephitic Cloud           Conj/Alch/Air  1%         N/A       54%         3
 Manifold Assault         Tloc           11%        N/A       58%         4
 Vhi's Electric Charge    Tloc/Air       12%        N/A       77%         4
 Freezing Cloud           Conj/Ice/Air   0%         6-21      99%         5


Dungeon Overview and Level Annotations

Branches:
Dungeon (5/15)             Temple (0/1) D:4

Altars:
Ashenzari
Gozag

Shops:
D:1 (   D:2 :

Annotations:
D:4 exclusion: downstairs, Edmund


Innate Abilities, Weirdness & Mutations

You are immune to poison.
You have sharp fingernails.
Your flesh is cold resistant. (rC+)
You are immune to negative energy. (rN+++)
You do not regenerate when monsters are visible.
You are immune to unholy pain and torment.
You thrive by killing the living.


Message History

The orc is no longer distracted by gold.
The orc completely misses you. The orc attacks as it pursues you!
The orc barely misses you.
You reach to attack!
You puncture the orc!
You kill the orc!
You aren't carrying any items that you can evoke.
Unknown command.
You reach to attack!
You barely miss Edmund. You completely miss Edmund.
Edmund hits you with a +2 antimagic flail.
You barely miss Edmund.
Edmund says, "People will remember me!
They'll remember me and die!"
Edmund hits you with a +2 antimagic flail.
You feel your power leaking away.
You hit Edmund but do no damage. You drain Edmund. Edmund barely misses you.
Edmund hits you with a +2 antimagic flail.
You feel your power leaking away.
You hit Edmund but do no damage. You drain Edmund.
Edmund hits you but does no damage.
You hit Edmund. You drain Edmund.
Edmund hits you with a +2 antimagic flail.
You feel your power leaking away.
You barely miss Edmund.
Edmund gestures with his flail.
Edmund hits you with a +2 antimagic flail!
You puncture Edmund!
Edmund hits you with a +2 antimagic flail.
* * * LOW HITPOINT WARNING * * *
You hit Edmund. Edmund barely misses you.
As you read the scroll of torment, it crumbles to dust.
You feel a surge of unholy energy.
Edmund convulses!
The orc convulses! x2
Edmund hits you with a +2 antimagic flail.
* * * LOW HITPOINT WARNING * * *
Unknown command.
As you read the scroll labelled KIOSER INIBA, it dissolves into smoke.
It was a scroll of fog.
Edmund hits you with a +2 antimagic flail!
You die...
Edmund whines, "They better pay attention to me now!"
Your body crumbles into a pile of gold.

#.#.?..$o.# #...##
#.#..#[###.... ##.###..#
#.#..#.# ...#.##># #..#
#.#.o#.# .# #.##.# #..#
#.#@o#.. ..... #.###..#
#.#..### [#.# #.#....#
#.#o.# §§. #.....##
#.##.#####§######......###
#....$oo@@§§..............
####.############......###
#...........##.....##
#.#########........# #.#
######.### #.# #)######
#.# #....... #.#########
#.###### #.........# #.#


You could see Edmund (very drained) and an orc.

Vanquished Creatures
  An orc priest (D:3)
  A hound (D:4)
  Natasha (twice) (D:4)
  An iguana (D:4)
  An orc wizard (D:3)
  4 gnolls
  4 adders
  A white imp (D:4)
  4 dart slugs
  4 ribbon worms
  5 orcs
  8 endoplasms
  A giant cockroach (D:2)
  10 goblins
  4 hobgoblins
  3 jackals (D:1)
  7 kobolds
  2 quokkas
  5 ball pythons
  3 bats
  3 frilled lizards
  5 rats
79 creatures vanquished.

Vanquished Creatures (others)
  Natasha (D:4)
1 creature vanquished.

Grand Total: 80 creatures vanquished

Notes
Turn   | Place    | Note
-------+----------+-------------------------------------------
     0 | D:1      | ragingrage the Ghoul Warper began the quest for the Orb.
     0 | D:1      | Reached XP level 1. HP: 17/17 MP: 3/3
    39 | D:1      | Reached skill level 2 in Maces & Flails
    81 | D:1      | Found a faded altar of an unknown god.
    83 | D:1      | Reached XP level 2. HP: 24/24 MP: 4/4
   389 | D:1      | Reached skill level 3 in Maces & Flails
   393 | D:1      | Learned a level 2 spell: Blink
   688 | D:1      | Found Fareapn's Antique Weapon Emporium.
   690 | D:1      | Reached XP level 3. HP: 29/29 MP: 5/5
  1047 | D:2      | Found Diwid's Book Shop.
  1101 | D:2      | Reached XP level 4. HP: 31/36 MP: 6/6
  1390 | D:2      | You fall into a shaft and drop 2 floors!
  1398 | D:5      | Entered Level 5 of the Dungeon
  1398 | D:5      | Noticed a water moccasin
  1432 | D:4      | Reached skill level 4 in Maces & Flails
  1432 | D:4      | Reached skill level 1 in Stealth
  1665 | D:3      | Found a broken altar of Ashenzari.
  1669 | D:3      | Saw a vision of the Shoals and the Spider Nest.
  1669 | D:3      | Noticed a culicivora
  1669 | D:3      | Noticed a jumping spider
  1669 | D:3      | Noticed a jumping spider
  1669 | D:3      | Noticed a snapping turtle
  1669 | D:3      | Noticed a jumping spider
  1669 | D:3      | Noticed a jumping spider
  1669 | D:3      | Noticed a torpor snail
  1669 | D:3      | Noticed a tarantella
  1669 | D:3      | Noticed a manticore
  1669 | D:3      | Noticed a redback
  1669 | D:3      | Noticed a tarantella
  1669 | D:3      | Noticed a sea snake
  1669 | D:3      | Noticed a cyclops
  1669 | D:3      | Noticed a tarantella
  1669 | D:3      | Noticed a redback
  1669 | D:3      | Noticed a manticore
  1669 | D:3      | Noticed a torpor snail
  1669 | D:3      | Noticed a jumping spider
  1669 | D:3      | Noticed a snapping turtle
  1669 | D:3      | Noticed an alligator snapping turtle
  1669 | D:3      | Noticed a demonic crawler
  1669 | D:3      | Noticed an orb spider
  1670 | D:3      | Noticed a sun moth
  1670 | D:3      | Noticed a boulder beetle
  1670 | D:3      | Noticed a manticore
  1671 | D:3      | Noticed a demonic crawler
  1673 | D:3      | Noticed a redback
  1673 | D:3      | Noticed a redback
  1704 | D:3      | Found an opulent altar of Gozag.
  1743 | D:3      | HP: 1/36 [orc priest/divine providence (12)]
  2178 | D:1      | Reached XP level 5. HP: 35/41 MP: 7/7
  2593 | D:3      | Identified the +6 trident "Luge" {drain, rF+ Stlth+}
  2763 | D:3      | Reached skill level 1 in Polearms
  2763 | D:3      | Reached XP level 6. HP: 48/48 MP: 8/8
  2799 | D:3      | Became a worshipper of Gozag Ym Sagoz the Greedy
  2920 | D:4      | Noticed Natasha
  2927 | D:4      | Killed Natasha
  2949 | D:4      | Found a staircase to the Ecumenical Temple.
  2980 | D:4      | Noticed Natasha
  2989 | D:4      | Killed Natasha
  3087 | D:4      | Killed Natasha
  3122 | D:4      | Noticed Edmund
  3149 | D:4      | Slain by Edmund

Illustrated notes

Levels and vault maps discovered:
D:1:      tarquinn_simple_flora_water_c, layout_basic,
          dilly_ecumenical_altar_fadedgnrine, serial_shops, nicolae_shop_trees,
          grunt_decor_mini_mirrors
D:2:      layout_basic, serial_shops, shop, minmay_indecisive_spiral
D:3:      layout_loops_ring, grunt_ashenzari_visionary
          [grunt_ashenzari_visionary_shoals, grunt_ashenzari_visionary_spider],
          mainiacjoe_overflow_boulevard
D:4:      layout_loops_ring, lemuel_temple_firewalk_a, uniq_natasha,
          uniq_edmund, uniq_sigmund
D:5:      layout_basic, gup_ossuary_entry_pyramid, uniq_blork_the_orc

Skill      XL: |  1  2  3  4  5  6 |
---------------+-------------------+-----
Maces & Flails | 2 3 4 |  4.7
Stealth        | 1 3 |  3.0
Polearms       | 1 2 |  2.6
Fighting       | |  2.1
Throwing       | |  0.8
Armour         | |  0.8
Dodging        | |  1.7
Spellcasting   | |  1.7
Translocations | |  2.6

Action                     |  1- 3 |  4- 6 || total
---------------------------+-------+-------++-------
  Melee: Mace              |    86 |    92 ||   178
         Flail             |       |    28 ||    28
         Trident           |       |    66 ||    66
    Use: Scroll            |     1 |     7 ||     8
         Potion            |     1 |     1 ||     2
   Stab: Sleeping          |       |     5 ||     5
 Armour: Leather armour    |    75 |   135 ||   210
  Dodge: Dodged            |    57 |    88 ||   145

Table legend: (Time is in decaauts)
 A = Elapsed time spent in this place.
 B = Non-inter-level travel time spent in this place.
 C = Inter-level travel time spent in this place.
 D = Time resting spent in this place.
 E = Time spent auto-exploring this place.
 F = Levels seen in this place.
 G = Mean time per level.
                   A        B        C        D        E       F      G
               +--------+--------+--------+--------+--------+-----+--------+
         Total |   3213 |   3025 |    188 |    481 |   1593 |   5 |  642.6 |
       Dungeon |   3213 |   3025 |    188 |    481 |   1593 |   5 |  642.6 |
               +--------+--------+--------+--------+--------+-----+--------+

Top non-repeatable levels by time:
     D:2: 1235 daAuts
     D:1: 949 daAuts
     D:3: 615 daAuts
     D:4: 411 daAuts
     D:5: 1 daAuts
